 Dungeon Crawl Stone Soup version 0.20.1-1-g8b1a95d (webtiles) character file.

1968 Irenicus the Martial Artist (level 9, 59/76 HPs)
             Began as a Deep Dwarf Monk on Oct 20, 2017.
             Was a Believer of Makhleb.
             Got out of the dungeon alive.
             The game lasted 00:17:48 (4586 turns).

Irenicus the Martial Artist (Deep Dwarf Monk)       Turns: 4586, Time: 00:17:48

Health: 59/76      AC:  4    Str: 14    XL:     9   Next: 0%
Magic:  2/2        EV: 14    Int: 14    God:    Makhleb [**....]
Gold:   397        SH:  6    Dex: 23    Spells: 8/8 levels left

rFire    . . .     SeeInvis .     - Unarmed
rCold    . . .     Gourm    .   o - +0 buckler
rNeg     . . .     Faith    .   e - +0 leather armour
rPois    +         Spirit   .   (helmet restricted)
rElec    +         Reflect  .   c - +0 cloak
rCorr    .         Harm     .   (no gloves)
MR       +....                  (no boots)
Stlth    +++.......             (no amulet)
Regen    0.0/turn               s - +3 ring of dexterity
MPRegen  0.1/turn               r - ring of poison resistance

@: non-regenerating
A: damage resistance, heal wounds, horns 1, thin skeletal structure 1, blink,
clever 1, low mp 1, sense surroundings 2, electricity resistance, no
regeneration
a: Heal Wounds, Blink, Minor Destruction, Renounce Religion


You escaped.
You worshipped Makhleb.
Makhleb was pleased with you.
You were not hungry.

You visited 2 branches of the dungeon, and saw 7 of its levels.

You collected 397 gold pieces.

Inventory:

Armour
 a - a +0 robe
 c - a +0 cloak (worn)
 e - a +0 leather armour (worn)
 o - a +0 buckler (worn)
Magical Staves
 A - an uncursed staff of air
Jewellery
 r - a ring of poison resistance (right hand)
 s - a +3 ring of dexterity (left hand)
Wands
 d - a wand of polymorph (2/24)
 l - a wand of polymorph (15/24)
 q - a wand of confusion (10/48)
Scrolls
 f - 2 scrolls of magic mapping
 j - a scroll of remove curse
 n - 2 scrolls of identify
 v - a scroll of enchant weapon
 w - a scroll of teleportation
Potions
 k - 3 potions of degeneration
Books
 m - a book of Minor Magic

   Spells                             Type                      Level
   a - Magic Dart                     Conjuration                  1
   b - Blink                          Translocation                2
   c - Call Imp                       Summoning                    2
   d - Slow                           Hexes                        2
   e - Conjure Flame                  Conjuration/Fire             3
   f - Mephitic Cloud                 Conjuration/Poison/Air       3
Comestibles
 b - 4 bread rations
 h - 5 fruits
 i - 2 chunks of flesh
 p - 2 royal jellies
 t - a meat ration


   Skills:
 + Level 3.2 Fighting
 - Level 3.2 Dodging
 - Level 2.4 Stealth
 - Level 5.0 Shields
 + Level 10.0 Unarmed Combat
 - Level 0.3 Evocations


You had 8 spell levels left.
You didn't know any spells.

Dungeon Overview and Level Annotations

Branches:
Dungeon (6/15)             Temple (1/1) D:4

Altars:
Ashenzari
Cheibriados
Dithmenos
Fedhas
Gozag
Makhleb
Nemelex Xobeh
Okawaru
Ru
Sif Muna
Vehumet
Xom
Yredelemnul
The Shining One

Shops:
D:5 }   D:6 !

Annotations:
D:5 dvd's ghost, novice MfTm


Innate Abilities, Weirdness & Mutations

You are resistant to damage.
You can heal yourself by infusing magical energy.
You passively map the area around you.
You do not regenerate.
You have a pair of small horns on your head.
You have a somewhat thin skeletal structure. (Dex +2, Stealth)
You can translocate small distances at will.
Your mind is acute. (Int +2)
Your magical capacity is low. (-10% MP)
You are resistant to electric shocks. (rElec)


Message History

There is a stone staircase leading up here.
You climb upwards.
There is a stone staircase leading down, spattered with blood here.
(D) Dungeon (T) Temple
Where to? (Enter - D:1, ? - help)
You see here an uncursed ring of loudness.
There is a stone staircase leading up here.
You climb upwards.
There is a stone staircase leading down here.
There is a stone staircase leading up here.
You climb upwards.
There is a stone staircase leading down here.
There is a stone staircase leading up here.
You climb upwards.
There is a stone staircase leading down here.
There is a staircase leading out of the dungeon here.
Are you sure you want to leave the Dungeon?
This will make you lose the game!
Alright, then stay!
Are you sure you want to leave the Dungeon?
This will make you lose the game!
You have escaped!

.# ##..........##............##..
.###>....##....##....##.......##.
.#.......##..........##..........
.#.......................)##.....
.#...##...............(...##....#
.....##.........................#
................................#
............................##..#
....##..........@...........##..#
....##..........................#
................................#
...........................##....
......##...................##....
...(..##...................).....
...........##..........##........
...........##....##....##.....##.
.##..............##..............


There were no monsters in sight!

Vanquished Creatures
  The ghost of Irenicus the Covered, a novice DDWn of Makhleb (D:6)
  Duvessa (D:4)
  2 sky beasts
  A black bear (D:6)
  2 ogres (D:4)
  A centaur (D:5)
  A bullfrog (D:6)
  Dowan (D:4)
  4 crimson imps
  4 hounds
  2 orc priests (D:6)
  2 orc wizards
  An iguana (D:5)
  A worker ant (D:5)
  Natasha (D:4)
  A howler monkey zombie (D:5)
  10 adders
  2 oozes (D:3)
  6 worms
  2 dart slugs
  5 leopard geckos
  18 orcs
  11 giant cockroaches
  3 goblins
  3 hobgoblins
  2 jackals (D:4)
  A quokka (D:4)
  A ball python (D:2)
  6 bats
  2 frilled lizards (D:3)
  7 kobolds
  A leopard gecko zombie (D:5)
  6 rats
112 creatures vanquished.

Notes
Turn   | Place    | Note
-------+----------+-------------------------------------------
     0 | D:1      | Irenicus the Deep Dwarf Monk began the quest for the Orb.
     0 | D:1      | Reached XP level 1. HP: 20/20 MP: 1/1
   202 | D:1      | Reached skill level 3 in Unarmed Combat
   347 | D:1      | Reached XP level 2. HP: 24/27 MP: 2/2
   720 | D:2      | Found an iron altar of Okawaru.
   729 | D:2      | Reached XP level 3. HP: 23/33 MP: 3/3
   942 | D:2      | Reached skill level 4 in Unarmed Combat
   960 | D:2      | Found a blossoming altar of Fedhas.
  1078 | D:2      | Reached skill level 1 in Shields
  1208 | D:3      | Reached XP level 4. HP: 27/40 MP: 4/4
  1434 | D:3      | Found a faded altar of an unknown god.
  1663 | D:3      | Found a shimmering altar of Xom.
  1706 | D:3      | Reached XP level 5. HP: 9/46 MP: 5/5
  1833 | D:4      | Noticed an ogre
  1957 | D:3      | Reached skill level 5 in Shields
  2076 | D:4      | Noticed Duvessa
  2076 | D:4      | Noticed Dowan
  2170 | D:4      | Found a sparkling altar of Nemelex Xobeh.
  2238 | D:4      | Found a basalt altar of Yredelemnul.
  2346 | D:4      | Noticed Natasha
  2359 | D:4      | Killed Natasha
  2359 | D:4      | Reached XP level 6. HP: 25/55 MP: 5/5
  2371 | D:4      | Noticed a sky beast
  2380 | D:4      | Reached skill level 5 in Unarmed Combat
  2405 | D:4      | Gained mutation: Your mind is acute. (Int +2) [potion of mutation]
  2405 | D:4      | Gained mutation: You have a somewhat thin skeletal structure. (Dex +2, Stealth) [potion of mutation]
  2406 | D:4      | HP: 1/55 [something (2)]
  2720 | D:4      | Killed Dowan
  2965 | D:4      | Killed a sky beast
  2965 | D:4      | Reached skill level 6 in Unarmed Combat
  2965 | D:4      | Reached XP level 7. HP: 20/61 MP: 6/6
  2968 | D:4      | Gained mutation: Your magical capacity is low. (-10% MP) [mutagenic meat]
  2970 | D:4      | Gained mutation: You are resistant to electric shocks. (rElec) [mutagenic meat]
  2971 | D:4      | Gained mutation: You can translocate small distances at will. [mutagenic meat]
  2972 | D:4      | Gained mutation: You have a pair of small horns on your head. [mutagenic meat]
  3144 | D:4      | Killed Duvessa
  3183 | D:4      | Found a staircase to the Ecumenical Temple.
  3192 | Temple   | Entered the Ecumenical Temple
  3236 | Temple   | Became a worshipper of Makhleb the Destroyer
  3236 | Temple   | Reached * piety under Makhleb
  3236 | Temple   | Reached ** piety under Makhleb
  3298 | D:5      | Entered Level 5 of the Dungeon
  3305 | D:5      | Reached skill level 7 in Unarmed Combat
  3454 | D:5      | Found a radiant altar of Vehumet.
  3550 | D:5      | Found Tennuam's Gadget Shoppe.
  3594 | D:5      | Noticed dvd's ghost (novice MfTm)
  3755 | D:5      | Found a deep blue altar of Sif Muna.
  3884 | D:5      | Reached XP level 8. HP: 9/68 MP: 5/5
  4141 | D:5      | Found a shattered altar of Ashenzari.
  4267 | D:6      | Reached skill level 8 in Unarmed Combat
  4298 | D:6      | Noticed Irenicus's ghost (novice DDWn)
  4343 | D:6      | Found Atsef's Distillery.
  4408 | D:6      | HP: 3/68 [Irenicus's ghost (9)]
  4460 | D:6      | Killed Irenicus's ghost
  4460 | D:6      | Reached skill level 9 in Unarmed Combat
  4483 | D:6      | Reached skill level 10 in Unarmed Combat
  4490 | D:6      | Gained mutation: You passively map the area around you. [Deep Dwarf growth]
  4490 | D:6      | Reached XP level 9. HP: 59/76 MP: 2/2
  4586 | D:$      | Got out of the dungeon alive.

Skill      XL: |  1  2  3  4  5  6  7  8 |
---------------+-------------------------+-----
Unarmed Combat | 3 4 6 7 10 | 10.0
Shields        | 2 3 5 |  5.0
Fighting       | 3 |  3.2
Dodging        | |  3.2
Stealth        | |  2.4
Evocations     | |  0.3

Action                   |  1- 3 |  4- 6 |  7- 9 || total
-------------------------+-------+-------+-------++-------
Melee: Unarmed           |   138 |   343 |   226 ||   707
       Punch             |     3 |       |       ||     3
       Headbutt          |       |       |    50 ||    50
Invok: Minor Destruction |       |       |    15 ||    15
 Abil: Heal Wounds       |     1 |     4 |    13 ||    18
       Blink             |       |       |     1 ||     1
Evoke: Wand              |       |       |    11 ||    11
  Use: Potion            |       |     5 |     3 ||     8
       Scroll            |       |       |     8 ||     8
 Stab: Sleeping          |     4 |       |     1 ||     5
       Distracted        |       |       |     2 ||     2
       Invisible         |       |       |     4 ||     4
  Eat: Chunk             |     1 |     6 |    11 ||    18
Armor: Leather armour    |    30 |    49 |    32 ||   111
       Skin              |       |     4 |       ||     4
Dodge: Dodged            |    83 |   132 |    86 ||   301
Block: Buckler           |     9 |    55 |    47 ||   111
